[Event "Saturday Night Round Robin Blitz 3m+1s Starts at 2200hrs ST"]
[Site "Infinity Chess"]
[Date "2018.4.28"]
[Round "4"]
[White "coreoptimist"]
[Black "ocirema"]
[Result "1/2-1/2"]
[ECO "D15"]
[WhiteElo "2516"]
[BlackElo "2456"]
[WhiteEngine "asmFishW_2018-04-25_bmi2_CTG"]
[BlackEngine "asmFishW_2018-04-25_popcnt"]
[EventType "Round Robin"]
[WhiteTeam ""]
[BlackTeam ""]
[PlyCount "152"]
[TimeControl "180+1"]

1. d4 d5 2. c4 c6 3. Nf3 Nf6 4. Nc3 e6 5. Bg5 h6 6. Bxf6 Qxf6 7. e3 g6 
8. Bd3 Nd7 9. Qc2 Bg7 10. O-O O-O 11. cxd5 exd5 12. b4 Qd6 13. a3 a5 14. b5 c5 
15. e4 cxd4 16. Nxd5 Nc5 17. Nd2 Nxd3 18. Nc4 Qc5 19. Qxd3 Be6 20. Ncb6 Bxd5 
21. Nxd5 Rac8 22. Rfe1 Qc2 23. Qxc2 Rxc2 24. Rec1 Rb2 25. Rcb1 d3 26. Rxb2 Bxb2 
27. Rd1 Bxa3 28. Rxd3 Bc5 29. Kf1 Kg7 30. b6 a4 31. Rc3 Bd6 32. Rc4 a3 
33. Ra4 Rc8 34. Nc7 Bc5 35. Nd5 Bd6 36. Nc7 Bc5 37. Nd5 Bf8 38. Nc7 Kf6 
39. Ke2 Ke5 40. f3 h5 41. Kd3 Bc5 42. Ra5 Kd6 43. Nb5+ Kc6 44. Nxa3 Rd8+ 
45. Kc4 Rd4+ 46. Kc3 Bxb6 47. Ra8 Rd1 48. Nc2 Bc7 49. Nb4+ Kd7 50. h3 Be5+ 
51. Kc4 Rd2 52. Ra7 Rxg2 53. Rxb7+ Ke8 54. Nd5 Bh2 55. f4 Kf8 56. e5 Re2 
57. Kd3 Re1 58. h4 Kg7 59. Rb8 Rd1+ 60. Ke4 Re1+ 61. Kf3 Ra1 62. Rb7 Ra3+ 
63. Ke2 Ra2+ 64. Kf3 Ra3+ 65. Ke2 Kg8 66. Rd7 Kf8 67. Rb7 Ra2+ 68. Ke3 Bg3 
69. Rb8+ Kg7 70. Nf6 Bxh4 71. Rg8+ Kh6 72. Rh8+ Kg7 73. Rg8+ Kh6 74. Rh8+ Kg7 
75. Rh7+ Kf8 76. Rh8+ Kg7 1/2-1/2

[Event "Saturday Night Round Robin Blitz 3m+1s Starts at 2200hrs ST"]
[Site "Infinity Chess"]
[Date "2018.4.28"]
[Round "3"]
[White "kolelo"]
[Black "ocirema"]
[Result "1-0 "]
[ECO "C47"]
[WhiteElo "2477"]
[BlackElo "2472"]
[WhiteEngine "stockfish_9_x64_popcnt"]
[BlackEngine "asmFishW_2018-04-25_popcnt"]
[EventType "Round Robin"]
[WhiteTeam ""]
[BlackTeam ""]
[PlyCount "128"]
[TimeControl "180+1"]

1. e4 e5 2. Nf3 Nc6 3. Nc3 Nf6 4. h3 Bb4 5. Bd3 O-O 6. O-O d6 7. a3 Bxc3 
8. dxc3 Be6 9. Bg5 h6 10. Bh4 a5 11. a4 Kh8 12. Qe2 Rg8 13. Bg3 g5 14. Nd2 Kh7 
15. Bc4 g4 16. Bh4 gxh3 17. g3 Rg6 18. Bxe6 fxe6 19. Kh2 Qe7 20. Kxh3 Rf8 
21. Kg2 Qf7 22. Rh1 Nh5 23. Qf3 Qf4 24. Qe2 Qf7 25. Qe3 Qg7 26. Rag1 Nf6 
27. f3 b6 28. Kf1 d5 29. Qe2 Nd8 30. Ke1 Nd7 31. g4 Nc5 32. Bf2 Nf7 
33. Bxc5 bxc5 34. Kd1 c4 35. Kc1 Rd8 36. Qf2 Qf6 37. Kb1 Rd7 38. Rf1 Qe7 
39. Rh5 Kg8 40. f4 exf4 41. Qxf4 Qd6 42. Qf3 Kh7 43. exd5 exd5 44. Qh1 Ng5 
45. Rf5 Kg7 46. Nf3 Ne4 47. Ne5 Ng3 48. Qf3 Nxf5 49. Qxf5 Re6 50. g5 Rxe5 
51. gxh6+ Kg8 52. Rg5+ Kh8 53. Qxe5+ Qxe5 54. Rxe5 Kh7 55. Re6 Kg8 56. Rg6+ Kh7 
57. Ra6 Rd8 58. Rxa5 Kxh6 59. Rc5 Kg5 60. b4 cxb3 61. cxb3 Rc8 62. Rxd5+ Kf6 
63. b4 Ke6 64. Rd2 Rb8 1-0

[Event "Saturday Night Round Robin Blitz 3m+1s Starts at 2200hrs ST"]
[Site "Infinity Chess"]
[Date "2018.4.28"]
[Round "3"]
[White "Dovahkiin"]
[Black "beka"]
[Result "1-0"]
[ECO "C50"]
[WhiteElo "2475"]
[BlackElo "2413"]
[WhiteEngine "BrainFish_180423_x64_modern_CTG"]
[BlackEngine "asmFishW_2018-04-24_base"]
[EventType "Round Robin"]
[WhiteTeam ""]
[BlackTeam ""]
[PlyCount "155"]
[TimeControl "180+1"]

1. e4 e5 2. Nf3 Nc6 3. Bc4 Bc5 4. O-O Nf6 5. d3 O-O 6. c3 d6 7. Bg5 h6 8. Bh4 g5 
9. Bg3 a6 10. Bb3 Ba7 11. Nbd2 Na5 12. Ba4 Nh5 13. b4 Nxg3 14. hxg3 Nc6 
15. Bxc6 bxc6 16. Nb3 Bg4 17. Na5 Qe8 18. Qd2 f6 19. d4 Kg7 20. a4 h5 21. Nc4 d5 
22. exd5 e4 23. Nh2 cxd5 24. Nxg4 hxg4 25. Ne3 Rh8 26. f3 gxf3 27. gxf3 Qe6 
28. fxe4 dxe4 29. Qa2 Rae8 30. Rf5 Qxa2 31. Rxa2 Re6 32. Rd5 Kg6 33. Kg2 Rc6 
34. Rc2 Bb8 35. Ra5 Re8 36. g4 Rb6 37. Rd5 Rh8 38. Nf5 Kf7 39. Re2 Re6 
40. b5 Rh2+ 41. Kxh2 c6+ 42. Nd6+ Bxd6+ 43. Rxd6 Rxd6 44. b6 Re6 45. Kg3 Re7 
46. a5 Kg6 47. c4 Kf7 48. c5 Re8 49. Kf2 Kf8 50. Ke3 Ke7 51. Kxe4 Kd7+ 
52. Kd3 Rh8 53. Rf2 Rh3+ 54. Ke4 Ke6 55. Rb2 Rh8 56. d5+ Kd7 57. Rf2 Rh6 
58. Kd4 Rg6 59. Re2 Rg8 60. Kc4 Rh8 61. dxc6+ Kxc6 62. Re7 Rc8 63. Rc7+ Rxc7 
64. bxc7 Kxc7 65. Kd5 f5 66. gxf5 g4 67. Ke4 g3 68. Kf3 g2 69. Kxg2 Kd8 
70. f6 Kc7 71. f7 Kc6 72. f8=Q Kb5 73. Qd6 Kxa5 74. c6 Kb6 75. c7+ Kb7 
76. Qd7 Kb6 77. c8=Q a5 78. Qcc6# 1-0

[Event "Saturday Night Round Robin Blitz 3m+1s Starts at 2200hrs ST"]
[Site "Infinity Chess"]
[Date "2018.4.28"]
[Round "3"]
[White "star99"]
[Black "klasman"]
[Result "1/2-1/2"]
[ECO "E10"]
[WhiteElo "2493"]
[BlackElo "2432"]
[WhiteEngine "Cryptic Heroes 9.4B"]
[BlackEngine "asmFishW_2018-04-11_popcnt_CTG"]
[EventType "Round Robin"]
[WhiteTeam ""]
[BlackTeam ""]
[PlyCount "114"]
[TimeControl "180+1"]

1. d4 Nf6 2. c4 e6 3. Nf3 d5 4. Nc3 c6 5. e3 Nbd7 6. h3 Be7 7. cxd5 cxd5 
8. Bd3 O-O 9. O-O a6 10. a3 b6 11. b4 b5 12. Bd2 Nb6 13. a4 bxa4 14. Ne5 Bd6 
15. Nxa4 Nxa4 16. Qxa4 Ne4 17. Be1 f6 18. Nc6 Qe8 19. Qc2 Kh8 20. Na5 f5 
21. Nb3 e5 22. dxe5 Bxe5 23. Ra5 Qf7 24. f3 Ng3 25. Bxg3 Bxg3 26. f4 Bh4 
27. Nd4 Bd8 28. Ra3 Qe7 29. Qd2 Bb6 30. Be2 Qf6 31. Kh2 h6 32. b5 a5 33. Rc1 Bb7 
34. Bf3 Rfc8 35. Rxc8+ Rxc8 36. Rc3 Rxc3 37. Qxc3 Kh7 38. Bd1 Kg8 39. Qd3 g6 
40. g4 Bc8 41. Bf3 fxg4 42. hxg4 Kf8 43. Kg2 Bd7 44. Bxd5 Bxg4 45. Nc6 Bf5 
46. Be4 Bxe4+ 47. Qxe4 Qf5 48. Qe7+ Kg8 49. Kf3 Qxb5 50. Qe6+ Kg7 51. Qe7+ Kh8 
52. Qf8+ Kh7 53. Qe7+ Kg8 54. Qe6+ Kg7 55. Qe7+ Kh8 56. Qf6+ Kh7 57. Qe7+ Kg8 
1/2-1/2

[Event "Saturday Night Round Robin Blitz 3m+1s Starts at 2200hrs ST"]
[Site "Infinity Chess"]
[Date "2018.4.28"]
[Round "3"]
[White "HerzsjeMZ"]
[Black "Chapi1958"]
[Result "1/2-1/2"]
[ECO "B90"]
[WhiteElo "2499"]
[BlackElo "2394"]
[WhiteEngine "SugaR.XPrO.1.4.64.POCNT"]
[BlackEngine "stockfish_9_x64_CTG"]
[EventType "Round Robin"]
[WhiteTeam ""]
[BlackTeam ""]
[PlyCount "79"]
[TimeControl "180+1"]

1. e4 c5 2. Nf3 d6 3. d4 cxd4 4. Nxd4 Nf6 5. Nc3 a6 6. Be3 e5 7. Nb3 Be6 
8. Be2 Be7 9. Qd3 O-O 10. O-O Nc6 11. a3 Rc8 12. Rfe1 Na5 13. Nxa5 Qxa5 
14. h3 Rfd8 15. Bf3 b5 16. Rac1 Qc7 17. Qd2 Rb8 18. Qd3 Rdc8 19. Bd2 Qd7 
20. Ne2 Qd8 21. Nc3 h6 22. b3 Qd7 23. Be2 Bd8 24. Qf3 Nh7 25. Red1 Rc5 
26. Qd3 Nf6 27. Be3 Rcc8 28. Nd5 Bxd5 29. exd5 Bb6 30. Bxb6 Rxb6 31. c4 bxc4 
32. Rxc4 Rxc4 33. Qxc4 a5 34. b4 axb4 35. axb4 Rb8 36. b5 Rc8 37. Qb4 Rb8 
38. Qc4 Rc8 39. Qb4 Rb8 40. Qc4 1/2-1/2

[Event "Saturday Night Round Robin Blitz 3m+1s Starts at 2200hrs ST"]
[Site "Infinity Chess"]
[Date "2018.4.28"]
[Round "3"]
[White "aleks"]
[Black "BlitzMaster"]
[Result "1/2-1/2"]
[ECO "C77"]
[WhiteElo "2501"]
[BlackElo "2536"]
[WhiteEngine "stockfish_9_x64_popcnt_CTG"]
[BlackEngine "asmFishW_2018-04-11_popcnt"]
[EventType "Round Robin"]
[WhiteTeam ""]
[BlackTeam ""]
[PlyCount "127"]
[TimeControl "180+1"]

1. e4 e5 2. Nf3 Nc6 3. Bb5 a6 4. Ba4 Nf6 5. O-O Be7 6. Re1 b5 7. Bb3 O-O 
8. c3 d5 9. exd5 Nxd5 10. Nxe5 Nxe5 11. Rxe5 c6 12. d3 Bd6 13. Re1 Bf5 
14. Qf3 Qh4 15. g3 Qh3 16. Nd2 Rae8 17. Ne4 Bg4 18. Qg2 Qxg2+ 19. Kxg2 f5 
20. h3 Bh5 21. g4 fxg4 22. hxg4 Bxg4 23. a4 b4 24. c4 Nf4+ 25. Bxf4 Bxf4 
26. c5+ Kh8 27. Nd6 Rxe1 28. Rxe1 Bf3+ 29. Kf1 h5 30. d4 g5 31. Re7 h4 
32. Bc2 Bd5 33. Rh7+ Kg8 34. Rh6 Rd8 35. a5 b3 36. Bh7+ Kg7 37. Nf5+ Kf8 
38. Bg6 Rd7 39. Bh5 h3 40. Rh8+ Bg8 41. Nh6 Kg7 42. Rxg8+ Kxh6 43. Bg4 Rxd4 
44. Rh8+ Kg6 45. Rxh3 Ra4 46. Rxb3 Rxa5 47. Rb6 Rxc5 48. Rxa6 Rc2 49. b3 Kg7 
50. Be2 Be5 51. Bd3 Rd2 52. Be4 Rb2 53. Rxc6 Rxb3 54. Rg6+ Kf7 55. Rxg5 Bd4 
56. Rd5 Bxf2 57. Kxf2 Ke6 58. Rg5 Ra3 59. Rh5 Ra1 60. Rg5 Ra2+ 61. Kf3 Ra1 
62. Ke3 Rc1 63. Kd4 Rf1 64. Ra5 1/2-1/2

[Event "Saturday Night Round Robin Blitz 3m+1s Starts at 2200hrs ST"]
[Site "Infinity Chess"]
[Date "2018.4.28"]
[Round "3"]
[White "Gilgamesch"]
[Black "coreoptimist"]
[Result "1/2-1/2"]
[ECO "D30"]
[WhiteElo "2533"]
[BlackElo "2508"]
[WhiteEngine "BrainFish_180408_x64_bmi2"]
[BlackEngine "asmFishW_2018-04-25_bmi2_CTG"]
[EventType "Round Robin"]
[WhiteTeam ""]
[BlackTeam ""]
[PlyCount "95"]
[TimeControl "180+1"]

1. d4 d5 2. c4 e6 3. Nf3 Nf6 4. Nc3 c6 5. e3 Nbd7 6. Qc2 Bd6 7. Bd3 O-O 
8. O-O dxc4 9. Bxc4 a6 10. Rd1 b5 11. Bd3 Bb7 12. Ng5 h6 13. Nge4 Bc7 14. a3 Qe7 
15. b4 a5 16. Rb1 axb4 17. axb4 Rfd8 18. h3 e5 19. Ng3 Rac8 20. Nf5 Qe6 
21. Bb2 Bb8 22. f4 exf4 23. exf4 Re8 24. Qf2 Nd5 25. Nxd5 cxd5 26. Re1 Qf6 
27. Rbc1 Re6 28. Re5 Nxe5 29. fxe5 Qd8 30. Rf1 Qf8 31. Bc1 Rc3 32. Bxb5 Ba6 
33. Bxa6 Rxa6 34. Qb2 Rc7 35. b5 Rb7 36. Qe2 Re6 37. h4 Qe8 38. Qg4 Rg6 
39. Qe2 Qxb5 40. Qf3 Kh8 41. h5 Rgb6 42. Nxg7 Kxg7 43. Qg4+ Kh7 44. Qf5+ Kg7 
45. Qg4+ Kh8 46. Qc8+ Kh7 47. Qf5+ Kg7 48. Qg4+ 1/2-1/2

[Event "Saturday Night Round Robin Blitz 3m+1s Starts at 2200hrs ST"]
[Site "Infinity Chess"]
[Date "2018.4.28"]
[Round "2"]
[White "BlitzMaster"]
[Black "Gilgamesch"]
[Result "1/2-1/2"]
[ECO "D30"]
[WhiteElo "2536"]
[BlackElo "2533"]
[WhiteEngine "asmFishW_2018-04-11_popcnt"]
[BlackEngine "BrainFish_180408_x64_bmi2"]
[EventType "Round Robin"]
[WhiteTeam ""]
[BlackTeam ""]
[PlyCount "66"]
[TimeControl "180+1"]

1. d4 d5 2. c4 e6 3. Nf3 Nf6 4. Nc3 c6 5. Bg5 h6 6. Bxf6 Qxf6 7. e3 Nd7 
8. Bd3 g6 9. O-O dxc4 10. Bxc4 Bg7 11. e4 e5 12. d5 O-O 13. Nd2 Nb6 14. Bb3 h5 
15. h3 Bh6 16. Qf3 Kg7 17. Rfd1 Rd8 18. Qe2 Bd7 19. Nf3 Qe7 20. Re1 Rac8 
21. Rad1 Qe8 22. a3 f6 23. Qc2 cxd5 24. exd5 Nc4 25. Bxc4 Rxc4 26. Qb3 b5 
27. a4 a6 28. axb5 axb5 29. Nd4 Rb8 30. Qa2 Ra8 31. Qb3 Rb8 32. Qa2 Ra8 
33. Qb3 Rb8 1/2-1/2

[Event "Saturday Night Round Robin Blitz 3m+1s Starts at 2200hrs ST"]
[Site "Infinity Chess"]
[Date "2018.4.28"]
[Round "2"]
[White "Chapi1958"]
[Black "aleks"]
[Result "0-1 "]
[ECO "D96"]
[WhiteElo "2407"]
[BlackElo "2488"]
[WhiteEngine "stockfish_9_x64_CTG"]
[BlackEngine "stockfish_9_x64_popcnt_CTG"]
[EventType "Round Robin"]
[WhiteTeam ""]
[BlackTeam ""]
[PlyCount "198"]
[TimeControl "180+1"]

1. d4 Nf6 2. c4 g6 3. Nc3 d5 4. Nf3 Bg7 5. Qb3 dxc4 6. Qxc4 O-O 7. e4 Bg4 
8. Be3 Nfd7 9. Rd1 Nb6 10. Qb3 Nc6 11. d5 Ne5 12. Be2 Nxf3+ 13. gxf3 Bh5 
14. Kf1 Nc8 15. Rg1 Nd6 16. Bd4 Bxd4 17. Rxd4 Kh8 18. Rd1 Qd7 19. Rg3 Rac8 
20. Qa3 f5 21. e5 f4 22. e6 Qd8 23. Rh3 a6 24. Qa4 Rf5 25. Bd3 Qf8 26. Qd4+ Kg8 
27. Re1 Rg5 28. Ne2 c5 29. dxc6 Rxc6 30. Nxf4 Qg7 31. Qb4 a5 32. Qd2 Rcc5 
33. Rg3 Qf6 34. a3 Rc8 35. Be4 Re5 36. Kg2 Bxf3+ 37. Bxf3 Rxe1 38. Nd5 Qxe6 
39. Ne3 Rxe3 40. Bd5 Rc5 41. Bxe6+ Rxe6 42. Rf3 Ree5 43. Re3 Rcd5 44. Qe2 Rxe3 
45. Qxe3 Kf8 46. Qh6+ Kg8 47. Qe3 Kf8 48. Qh6+ Kg8 49. Qh4 Re5 50. b3 b6 
51. Qd4 Rb5 52. Qf4 Kg7 53. Kf1 Nf5 54. Qc4 Nd6 55. Qe6 Kf8 56. Ke2 Rc5 
57. a4 Rc3 58. Qd5 Rc5 59. Qf3+ Kg7 60. Kf1 Kg8 61. h4 Rc1+ 62. Kg2 Rc5 
63. Qa8+ Kf7 64. Qa6 Rc6 65. Qa8 Rc5 66. Qa6 Rc6 67. h5 gxh5 68. Qd3 Ne8 
69. Qd5+ Re6 70. Qxh5+ Rg6+ 71. Kf1 h6 72. Ke2 Ng7 73. Qd5+ Kf8 74. Qd8+ Ne8 
75. Qc8 Rd6 76. Qg4 Ng7 77. Qc4 Ne6 78. Kf1 Ng7 79. Ke2 Ne6 80. b4 Nd4+ 
81. Kf1 axb4 82. Qxb4 Nf5 83. Qe4 Ng7 84. Qf3+ Rf6 85. Qb3 Re6 86. Kg2 Rd6 
87. Qf3+ Ke8 88. Kg1 Rf6 89. Qb3 Kf8 90. Kg2 Re6 91. Kh3 Kf7 92. Qd5 Ke8 
93. Qc4 Kf8 94. Qc7 Rf6 95. Kg2 Rg6+ 96. Kf1 Kf7 97. Qc4+ Re6 98. Kg2 Kf8 
99. Kf3 Kf7 0-1

[Event "Saturday Night Round Robin Blitz 3m+1s Starts at 2200hrs ST"]
[Site "Infinity Chess"]
[Date "2018.4.28"]
[Round "2"]
[White "klasman"]
[Black "HerzsjeMZ"]
[Result "1/2-1/2"]
[ECO "D31"]
[WhiteElo "2429"]
[BlackElo "2502"]
[WhiteEngine "asmFishW_2018-04-11_popcnt"]
[BlackEngine "SugaR.XPrO.1.4.64.POCNT"]
[EventType "Round Robin"]
[WhiteTeam ""]
[BlackTeam ""]
[PlyCount "123"]
[TimeControl "180+1"]

1. d4 d5 2. c4 e6 3. Nc3 c6 4. Nf3 Nf6 5. Bg5 h6 6. Bxf6 Qxf6 7. e3 Nd7 
8. Be2 Qd8 9. Qc2 Be7 10. Rc1 a6 11. O-O O-O 12. a3 b6 13. cxd5 cxd5 14. Na2 b5 
15. Nb4 Bd6 16. Nd3 Qe7 17. Nfe5 Nb6 18. Qc6 Rb8 19. b3 Nd7 20. b4 Nb6 
21. Qc3 Ra8 22. f4 Bd7 23. Nc5 Be8 24. e4 dxe4 25. Nxe4 Rc8 26. Qd2 Rxc1 
27. Qxc1 f6 28. Nd3 Bb8 29. Ndc5 Bc6 30. Nc3 Qd6 31. Qe3 Nd5 32. Nxd5 Bxd5 
33. g3 Ba7 34. Rd1 Qc6 35. Kf2 Bb6 36. Bf3 e5 37. dxe5 Bxf3 38. Rd6 Bxc5 
39. bxc5 Qe4 40. Qxf3 Qc2+ 41. Ke1 Qxc5 42. Qd5+ Qxd5 43. Rxd5 fxe5 44. Rxe5 Rc8 
45. Re6 Rc2 46. Rxa6 Rxh2 47. Ra8+ Kh7 48. Kf1 Ra2 49. Ra5 Kg6 50. Rxb5 Rxa3 
51. Rb6+ Kh7 52. Kg2 Ra2+ 53. Kh3 h5 54. Rb5 Kg6 55. Rg5+ Kh6 56. Rc5 Kg6 
57. Rb5 Kh6 58. Rb6+ g6 59. g4 Ra3+ 60. Kh4 hxg4 61. Kxg4 Kh7 62. f5 1/2-1/2

[Event "Saturday Night Round Robin Blitz 3m+1s Starts at 2200hrs ST"]
[Site "Infinity Chess"]
[Date "2018.4.28"]
[Round "2"]
[White "beka"]
[Black "star99"]
[Result "0-1"]
[ECO "D12"]
[WhiteElo "2427"]
[BlackElo "2479"]
[WhiteEngine "asmFishW_2018-04-24_base"]
[BlackEngine "Cryptic Heroes 9.4B"]
[EventType "Round Robin"]
[WhiteTeam ""]
[BlackTeam ""]
[PlyCount "146"]
[TimeControl "180+1"]

1. d4 d5 2. c4 c6 3. Nf3 Nf6 4. e3 Bf5 5. Nc3 e6 6. Nh4 Be4 7. f3 Bg6 8. g3 c5 
9. cxd5 Nxd5 10. Nxg6 hxg6 11. Qb3 Nb6 12. dxc5 Bxc5 13. Bd2 Nc6 14. O-O-O Qc7 
15. Be2 O-O-O 16. Kb1 g5 17. Ne4 Be7 18. Bb5 Kb8 19. Bc3 f5 20. Qxe6 fxe4 
21. Bxc6 Rh6 22. Rxd8+ Bxd8 23. Qe8 bxc6 24. Be5 Rd6 25. Rc1 exf3 26. Rxc6 Rxc6 
27. Bxc7+ Kxc7 28. Qf7+ Kd6 29. Qxf3 Bf6 30. e4 Nc4 31. Qd3+ Kc5 32. Qd7 Bxb2 
33. Qxa7+ Kb4 34. Kc2 Be5 35. Qb7+ Kc5 36. Qf7 Rb6 37. Qd5+ Kb4 38. Qf7 Bd4 
39. a3+ Nxa3+ 40. Kd3 Be5 41. Qe7+ Rd6+ 42. Ke2 Nc4 43. Qxg5 Bf6 44. Qc1 Bb2 
45. Qg5 Rd2+ 46. Qxd2+ Nxd2 47. Kxd2 Kc4 48. Ke3 Bc1+ 49. Ke2 Kd4 50. Kf3 Ke5 
51. Kg4 Kxe4 52. Kh5 Kf5 53. Kh4 Bg5+ 54. Kh3 Bf6 55. Kg2 Ke4 56. Kf2 Be5 
57. Kg2 Bd4 58. h3 Ke3 59. h4 Be5 60. h5 Bf6 61. Kh2 Kf3 62. h6 g5 63. Kh3 g4+ 
64. Kh2 Be5 65. h7 Bxg3+ 66. Kg1 Bf2+ 67. Kh2 Bd4 68. h8=Q Bxh8 69. Kg1 g3 
70. Kf1 g2+ 71. Ke1 Ke3 72. Kd1 Kd3 73. Kc1 g1=Q# 0-1

[Event "Saturday Night Round Robin Blitz 3m+1s Starts at 2200hrs ST"]
[Site "Infinity Chess"]
[Date "2018.4.28"]
[Round "2"]
[White "ocirema"]
[Black "Dovahkiin"]
[Result "1/2-1/2"]
[ECO "D30"]
[WhiteElo "2472"]
[BlackElo "2475"]
[WhiteEngine "asmFishW_2018-04-25_popcnt"]
[BlackEngine "BrainFish_180423_x64_modern_CTG"]
[EventType "Round Robin"]
[WhiteTeam ""]
[BlackTeam ""]
[PlyCount "200"]
[TimeControl "180+1"]

1. d4 d5 2. c4 e6 3. Nf3 Nf6 4. Nc3 c6 5. Bg5 h6 6. Bxf6 Qxf6 7. e3 Nd7 
8. Bd3 dxc4 9. Bxc4 g6 10. O-O Bg7 11. e4 O-O 12. Re1 e5 13. d5 Nb6 14. Bb3 Bd7 
15. h3 Rfd8 16. Qe2 Qe7 17. Rac1 Qb4 18. Red1 Rac8 19. dxc6 Bxc6 20. Nd2 Bf6 
21. a3 Qf8 22. g3 Kg7 23. Nd5 Qe8 24. h4 h5 25. Nxb6 axb6 26. Bd5 Be7 27. b4 Ba4 
28. Re1 Bc6 29. Rc3 b5 30. Rd3 Rd6 31. Rd1 Rcd8 32. Nb3 Qd7 33. Qe3 Qg4 
34. Kh2 Qc8 35. Na5 R8d7 36. Kg2 Qd8 37. Qe2 Qc7 38. Rc3 Qb6 39. Bxc6 Rxd1 
40. Bxd7 Rxd7 41. Nb3 Qa6 42. Nd2 Rd6 43. Nf3 f6 44. Qe3 Rc6 45. Rd3 Rd6 
46. Ng1 Rxd3 47. Qxd3 Qc6 48. Ne2 Qc4 49. Qf3 Kf8 50. Nc3 Kf7 51. Qe3 Bd8 
52. Kh2 Ke7 53. Nd5+ Ke6 54. Qf3 Kf7 55. Qe3 Ke6 56. Qf3 Kf7 57. Kg2 Qd4 
58. Qe3 Qc4 59. Kg1 Qd4 60. Qe2 Qc4 61. Qe3 Qd4 62. Nc3 Bb6 63. Qxd4 exd4 
64. Nxb5 d3 65. Kf1 Ke6 66. f4 Be3 67. Kg2 g5 68. Kf3 gxf4 69. gxf4 Bc1 
70. a4 Kd7 71. Nc3 Bd2 72. Nd5 Ke6 73. Nc7+ Kf7 74. f5 Bxb4 75. Ke3 Be1 
76. Kxd3 Bxh4 77. Ne6 Ke7 78. Ng7 Kd6 79. Nxh5 Ke5 80. Ng7 Bf2 81. Ne6 Bb6 
82. Nf8 Kd6 83. Ng6 Bf2 84. Nf4 Ke5 85. Ng6+ Kd6 86. Ke2 Bd4 87. Nf8 Bg1 
88. Ne6 Ke5 89. Kd3 Bb6 90. Ng7 Bc5 91. Nh5 Bf2 92. Ke2 Kxe4 93. Kxf2 Kxf5 
94. Ke3 Ke5 95. Kd3 Kd5 96. Kc3 Kc5 97. Kb3 f5 98. Nf4 Kd6 99. Kb4 Kc7 
100. Nd5+ Kb8 1/2-1/2

[Event "Saturday Night Round Robin Blitz 3m+1s Starts at 2200hrs ST"]
[Site "Infinity Chess"]
[Date "2018.4.28"]
[Round "2"]
[White "coreoptimist"]
[Black "kolelo"]
[Result "1/2-1/2"]
[ECO "C55"]
[WhiteElo "2542"]
[BlackElo "2474"]
[WhiteEngine "asmFishW_2018-04-25_bmi2_CTG"]
[BlackEngine "stockfish_9_x64_popcnt"]
[EventType "Round Robin"]
[WhiteTeam ""]
[BlackTeam ""]
[PlyCount "140"]
[TimeControl "180+1"]

1. e4 e5 2. Nf3 Nc6 3. Bc4 Nf6 4. d3 Bc5 5. O-O d6 6. c3 a5 7. Nbd2 O-O 
8. Re1 a4 9. Bb5 Bd7 10. Nf1 Ng4 11. Re2 Ra5 12. Bxc6 Bxc6 13. h3 Nf6 
14. Ng3 Re8 15. Bd2 Bb6 16. Qc2 Ra8 17. Be3 Bxe3 18. Rxe3 Nd7 19. d4 Nf8 
20. Rd1 Qe7 21. c4 Ng6 22. Ne2 f6 23. Nc3 Qf7 24. Nd5 Rac8 25. Ra3 Kh8 
26. Kh2 Bd7 27. Ne3 Nf4 28. d5 Rf8 29. Ng1 g6 30. c5 f5 31. Rc3 Qf6 32. a3 Qg7 
33. Kh1 dxc5 34. Rxc5 c6 35. dxc6 Bxc6 36. exf5 gxf5 37. f3 Rce8 38. Rd2 Nh5 
39. Ne2 Re6 40. Qc4 Qf6 41. Qc2 Qg5 42. Qc3 Rfe8 43. Nc4 Qe7 44. Ne3 f4 
45. Ng4 Nf6 46. Kg1 Nxg4 47. hxg4 Kg8 48. Qc4 Kg7 49. Qc3 Kg8 50. Qc4 Kh8 
51. Qc3 Qf6 52. Rc2 Rd8 53. Rd2 Rde8 54. Nc1 e4 55. Qxf6+ Rxf6 56. fxe4 Rxe4 
57. g5 Rg6 58. Kf1 Re3 59. Rf5 Rg3 60. Ne2 R3xg5 61. Rxg5 Rxg5 62. Nxf4 Rf5 
63. g3 Kg7 64. Rh2 Kg8 65. Rc2 Re5 66. Kf2 Kf7 67. Ne2 Ke6 68. Nd4+ Kd5 
69. Nxc6 bxc6 70. Kf3 Rh5 1/2-1/2

[Event "Saturday Night Round Robin Blitz 3m+1s Starts at 2200hrs ST"]
[Site "Infinity Chess"]
[Date "2018.4.28"]
[Round "1"]
[White "Dovahkiin"]
[Black "kolelo"]
[Result "1/2-1/2"]
[ECO "C55"]
[WhiteElo "2475"]
[BlackElo "2474"]
[WhiteEngine "BrainFish_180423_x64_modern_CTG"]
[BlackEngine "stockfish_9_x64_popcnt"]
[EventType "Round Robin"]
[WhiteTeam ""]
[BlackTeam ""]
[PlyCount "124"]
[TimeControl "180+1"]

1. e4 e5 2. Nf3 Nc6 3. Bc4 Nf6 4. d3 Bc5 5. O-O d6 6. c3 a5 7. Bg5 Ba7 
8. Nbd2 h6 9. Bh4 Qe7 10. Bb5 g5 11. Bg3 O-O 12. Re1 g4 13. Nh4 Nh5 14. Nc4 Nxg3 
15. hxg3 Qf6 16. Ne3 Bxe3 17. fxe3 Ne7 18. Qe2 c6 19. Rf1 Qg5 20. Ba4 b5 
21. Bc2 a4 22. d4 h5 23. Bd3 Kg7 24. a3 Rb8 25. Rac1 Be6 26. Kh2 Rh8 27. Kg1 Rh6 
28. Rce1 Rf6 29. Rxf6 Qxf6 30. Rf1 Qg5 31. Qf2 Kh8 32. Qe2 Rb7 33. Kh2 Kg7 
34. Qf2 Rb8 35. Kg1 Rd8 36. Kh2 Kg8 37. Kg1 Kg7 38. Kh2 Kh8 39. Kg1 Kg8 
40. Bb1 Ra8 41. Bd3 Qh6 42. Kh2 Qg5 43. Kg1 Rd8 44. Bb1 Qg7 45. d5 cxd5 
46. exd5 Bxd5 47. Bd3 Rb8 48. Qe2 e4 49. Bxb5 Qe5 50. Bc4 Qxg3 51. Nf5 Nxf5 
52. Rxf5 Bxc4 53. Qxc4 Qe1+ 54. Kh2 g3+ 55. Kh3 Qh1+ 56. Kxg3 h4+ 57. Kg4 Qxg2+ 
58. Kxh4 Qh2+ 59. Kg4 Qg2+ 60. Kh4 Qh2+ 61. Kg4 Qg1+ 62. Kh4 Qh2+ 1/2-1/2

[Event "Saturday Night Round Robin Blitz 3m+1s Starts at 2200hrs ST"]
[Site "Infinity Chess"]
[Date "2018.4.28"]
[Round "1"]
[White "star99"]
[Black "ocirema"]
[Result "1/2-1/2"]
[ECO "D02"]
[WhiteElo "2479"]
[BlackElo "2472"]
[WhiteEngine "Cryptic Heroes 9.4B"]
[BlackEngine "asmFishW_2018-04-25_popcnt"]
[EventType "Round Robin"]
[WhiteTeam ""]
[BlackTeam ""]
[PlyCount "184"]
[TimeControl "180+1"]

1. d4 d5 2. Nf3 e6 3. c4 Nf6 4. e3 b6 5. b3 Bb7 6. Bb2 Nbd7 7. Nbd2 Be7 
8. Bd3 O-O 9. O-O c5 10. Qe2 cxd4 11. Nxd4 Nc5 12. Bc2 dxc4 13. Nxc4 Qd5 
14. f4 Qh5 15. Qxh5 Nxh5 16. f5 Nf6 17. fxe6 fxe6 18. Rfe1 Be4 19. Bxe4 Nfxe4 
20. Nc6 Bg5 21. N4e5 Rfc8 22. Rac1 Bf6 23. Bd4 a5 24. Red1 Rc7 25. Bxc5 Nxc5 
26. Rc4 Rac8 27. Rd6 h5 28. h3 Kh8 29. Kf2 g5 30. g4 h4 31. Kf3 Kg8 32. Ke2 Bg7 
33. a3 Kh7 34. b4 axb4 35. axb4 Nb7 36. Rd7 Rxd7 37. Nxd7 b5 38. Rc2 Nd6 
39. Nb6 Rc7 40. Nd4 Rxc2+ 41. Nxc2 Kg6 42. Nd7 Kf7 43. Nc5 Nc4 44. Ne4 Kg6 
45. Ne1 Nb6 46. Nd3 Nd5 47. Ndc5 Nc7 48. Kd3 Be5 49. Kc2 Nd5 50. Kd2 Nc7 
51. Kd3 Bg7 52. Nd2 Bf6 53. Nf3 Kf7 54. Ne4 Kg6 55. Nc5 Kf7 56. Nd4 Bh8 
57. Ne4 Kg6 58. Nc2 Nd5 59. Na3 Nxb4+ 60. Kd2 Bf6 61. Nxb5 Kf7 62. Nbd6+ Kg6 
63. Nc4 Kf7 64. Ned6+ Ke7 65. Ke2 Nc6 66. Nb5 Kd7 67. Nb6+ Ke7 68. Nc4 Kd7 
69. Ncd6 Bd8 70. Ne4 Be7 71. Kf1 Bd8 72. Kg2 Be7 73. Kf1 e5 74. Ke2 Nb4 
75. Nbc3 Ke6 76. Kd2 Nc6 77. Na2 Kd7 78. Kc3 Ke6 79. Kd3 Kf7 80. Nd2 Ke6 
81. Nf3 Nd8 82. Nc3 Nf7 83. Ne4 Kd5 84. Nfd2 Bb4 85. Nf6+ Ke6 86. Nde4 Bf8 
87. Kc4 Ba3 88. Nd5 Bc1 89. Nc7+ Kd7 90. Nd5 Ke6 91. Nc5+ Kd6 92. Ne4+ Ke6 
1/2-1/2